 Dungeon Crawl Stone Soup version 0.22-a0-247-gbddf880 (webtiles) character file.

16986 MatthieuS the Thaumaturge (level 12, -7/72 HPs)
             Began as a Deep Elf Air Elementalist on Feb 25, 2018.
             Was a High Priest of Vehumet.
             Mangled by an eight-headed hydra (10 damage)
             ... on level 1 of the Lair of Beasts.
             The game lasted 01:02:23 (13689 turns).

MatthieuS the Thaumaturge (DEAE)                   Turns: 13689, Time: 01:02:24

Health: -7/72      AC:  6    Str:  6    XL:     12   Next: 14%
Magic:  27/38      EV: 18    Int: 27    God:    Vehumet [*****.]
Gold:   358        SH:  5    Dex: 17    Spells: 3/33 levels left

rFire    . . .     SeeInvis +   w - +3 hunting sling
rCold    . . .     Gourm    .   s - +0 buckler
rNeg     + . .     Faith    .   t - +1 leather armour {rN+}
rPois    .         Spirit   .   h - +1 helmet
rElec    .         Reflect  .   (no cloak)
rCorr    .         Harm     .   k - +0 pair of gloves
MR       +....                  x - +0 pair of boots
Stlth    ++........             y - amulet of magic regeneration
HPRegen  0.22/turn              q - ring of see invisible
MPRegen  0.51/turn              A - ring of magical power

@: swift, quick
A: agile 1, blurry vision 1, clever 1, deformed body
a: Renounce Religion


You were on level 1 of the Lair of Beasts.
You worshipped Vehumet.
Vehumet was extremely pleased with you.
You were hungry.

You visited 2 branches of the dungeon, and saw 12 of its levels.
You also visited: Ossuary.

You collected 868 gold pieces.
You spent 510 gold pieces at shops.

Inventory:

Hand Weapons
 a - a +2 whip of electrocution
 e - a +1 scimitar of holy wrath
 w - a +3 hunting sling (weapon)
Missiles
 d - 411 stones
 p - a throwing net
 M - 16 sling bullets (quivered)
Armour
 h - a +1 helmet (worn)
 k - a +0 pair of gloves (worn)
 o - a +2 ring mail of fire resistance
 s - a +0 buckler (worn)
 t - a +1 leather armour of positive energy (worn)
 x - a +0 pair of boots (worn)
Jewellery
 q - a ring of see invisible (left hand)
 v - an uncursed ring of protection from cold
 y - an amulet of magic regeneration (around neck)
 z - an uncursed ring of protection from magic
 A - a ring of magical power (right hand)
Wands
 g - a wand of clouds (7)
 m - a wand of acid (7)
 G - a wand of flame (59)
 N - a wand of paralysis (8)
Scrolls
 f - 4 scrolls of teleportation
 i - a scroll of enchant armour
 n - 6 scrolls of identify
 r - 8 scrolls of remove curse
 C - 4 scrolls of fog
 F - 2 scrolls of blinking
 I - a scroll of magic mapping
 K - a scroll of fear {unknown}
Potions
 c - a potion of haste
 j - 4 potions of curing
 l - a potion of agility
 u - a potion of magic
 B - 2 potions of cancellation
 D - a potion of lignification
 H - a potion of heal wounds
 J - a potion of might
 L - 2 potions of brilliance
Comestibles
 b - 19 rations


   Skills:
 + Level 7.3 Fighting
 + Level 10.3 Dodging
 - Level 3.8 Stealth
 - Level 4.0 Shields
 + Level 11.2 Spellcasting
 + Level 9.2 Conjurations
 - Level 3.0 Translocations
 - Level 2.6 Fire Magic
 + Level 9.0 Air Magic
 * Level 1.4 Poison Magic


You had 3 spell levels left.
You knew the following spells:

 Your Spells              Type           Power        Failure   Level  Hunger
a - Shock                 Conj/Air       ####         1%          1    None
b - Throw Flame           Conj/Fire      #####.       1%          2    None
c - Static Discharge      Conj/Air       ######..     1%          3    None
d - Airstrike             Air            ######....   1%          4    None
e - Swiftness             Chrm/Air       #####...     1%          2    None
f - Lightning Bolt        Conj/Air       ######....   1%          5    ###....
g - Conjure Flame         Conj/Fire      #####...     1%          3    None
h - Poison Arrow          Conj/Pois      #####.....   24%         6    #####..
i - Shroud of Golubria    Chrm/Tloc      ###.......   4%          2    None
j - Blink                 Tloc           N/A          2%          2    None


Dungeon Overview and Level Annotations

Branches:
Dungeon (11/15)            Temple (0/1) D:7            Lair (1/6) D:11
    Orc (0/2) D:11

Altars:
Fedhas
Gozag
Kikubaaqudgha
Makhleb
Nemelex Xobeh
Okawaru
Trog
Uskayaw
Vehumet
Wu Jian
Xom
Zin
The Shining One

Shops:
D:9 *   D:11 *

Annotations:
D:6 Robby's ghost, novice HOFi
D:8 Prince Ribbit


Innate Abilities, Weirdness & Mutations

You are agile. (Dex +2)
Scrolls take you a little longer to read.
Your mind is acute. (Int +2)
Armour fits poorly on your strangely shaped body.


Message History

You blink.
The yak is engulfed in blazing flames.
Casting: Blink (safe; 2% risk of failure)
Confirm with . or Enter, or press ? or * to list all spells.
You feel quick.
The yak is engulfed in blazing flames.
The yak is engulfed in poison gas.
The yak is poisoned.
The yak is engulfed in poison gas.
The yak looks even sicker.
You kill the yak!
Vehumet accepts your kill.
You feel your power returning.
The yak is engulfed in poison gas.
The yak looks even sicker.
The yak is engulfed in poison gas.
The yak looks even sicker.
The eight-headed hydra bites you.
* * * LOW HITPOINT WARNING * * *
The eight-headed hydra closely misses you.
The eight-headed hydra bites you but does no damage.
You block the eight-headed hydra's attack. x2
The eight-headed hydra bites you!
* * * LOW HITPOINT WARNING * * *
The eight-headed hydra bites you!
You die...

###.§§§.....##
#P§§§§.......##
##§§§§.........#
##.§§...Y...?....
##........./......
##.................
####..................
#.#......##..D....##.
##......##....@...#
###......####.......#
.#......## #.......#
.......## #.......#
......## #.<.....#
.....## #.......##
....## #........#
...## ##.......##
.(..# ##.........#


You could see an eight-headed hydra and a yak.

Vanquished Creatures
  2 hydras (Lair:1)
  A two-headed ogre (D:10)
  The ghost of MatthieuS the Zephyrmancer, a journeyman TeAE of Vehumet (D:11)
  3 manticores (D:11)
  An ugly thing (D:10)
  Psyche (D:8)
  A komodo dragon (Lair:1)
  3 trolls (D:11)
  2 hornets
  2 hippogriffs
  A shadow (D:11)
  Sigmund (D:3)
  A wyvern (D:10)
  21 yaks
  A hungry ghost (D:9)
  A basilisk (Lair:1)
  Menkaure (D:5)
  A porcupine (Lair:1)
  A sky beast (D:9)
  2 phantoms
  3 orc warriors
  2 ice beasts
  An eye of draining (D:10)
  6 ogres
  2 black bears
  3 necrophages
  4 centaurs
  6 wolves (Lair:1)
  2 crocodiles (Lair:1)
  3 big kobolds
  An elf zombie (Ossuary)
  4 bullfrogs
  4 gnoll sergeants (D:11)
  Blork the orc (D:5)
  5 scorpions
  11 killer bees
  2 howler monkeys
  18 wights
  A crimson imp (D:6)
  A bullfrog zombie (D:10)
  A centaur zombie (Ossuary)
  3 human zombies (Ossuary)
  3 jellies
  5 orc priests
  4 hounds
  3 bullfrog skeletons
  9 iguanas
  9 orc wizards
  7 worker ants
  3 big kobold zombies (Ossuary)
  3 hound zombies
  2 mummies (Ossuary)
  Robin (D:3)
  A howler monkey zombie (D:11)
  11 gnolls
  15 adders
  A shadow imp (D:9)
  2 oozes
  An adder skeleton (D:5)
  A worm (D:2)
  4 dart slugs
  4 leopard geckos
  34 orcs
  A ball python (D:1)
  6 giant cockroaches
  17 goblins
  19 hobgoblins
  22 jackals
  4 quokkas
  5 bats
  3 frilled lizards
  A gnoll zombie (Ossuary)
  3 goblin zombies (Ossuary)
  2 hobgoblin zombies (Ossuary)
  14 kobolds
  9 rats
  A rat zombie (D:8)
  A plant (D:3)
363 creatures vanquished.

Vanquished Creatures (others)
  A plant (D:3)
1 creature vanquished.

Grand Total: 364 creatures vanquished

Notes
Turn   | Place    | Note
-------+----------+-------------------------------------------
     0 | D:1      | MatthieuS the Deep Elf Air Elementalist began the quest for the Orb.
     0 | D:1      | Reached XP level 1. HP: 10/10 MP: 6/6
   178 | D:1      | Reached XP level 2. HP: 16/16 MP: 6/8
   426 | D:1      | Reached skill level 1 in Fighting
   791 | D:2      | Reached XP level 3. HP: 20/20 MP: 6/9
   795 | D:2      | Learned a level 2 spell: Swiftness
   807 | D:2      | Found an ornate altar of the Wu Jian Council.
   859 | D:2      | Found a radiant altar of Vehumet.
   870 | D:2      | Became a worshipper of Vehumet
   875 | D:2      | Learned a level 3 spell: Static Discharge
   888 | D:2      | Found a shimmering altar of Xom.
  1131 | D:2      | Reached XP level 4. HP: 22/25 MP: 3/11
  1246 | D:2      | Learned a level 4 spell: Airstrike
  1642 | D:2      | Found an opulent altar of Gozag.
  1642 | D:2      | Found an iron altar of Okawaru.
  1713 | D:2      | Found a sparkling altar of Nemelex Xobeh.
  1805 | D:3      | Found a blossoming altar of Fedhas.
  1815 | D:3      | Reached XP level 5. HP: 30/30 MP: 12/12
  1821 | D:3      | Found a faded altar of an unknown god.
  1846 | D:3      | Reached * piety under Vehumet
  1846 | D:3      | Offered knowledge of Sandblast by Vehumet.
  2115 | D:3      | Noticed Sigmund
  2512 | D:3      | Reached skill level 4 in Spellcasting
  3000 | D:3      | Reached XP level 6. HP: 36/36 MP: 3/14
  3166 | D:3      | Noticed Robin
  3175 | D:3      | Killed Robin
  3718 | D:3      | Killed Sigmund
  4214 | D:4      | Found a sand-covered staircase.
  4219 | Ossuary  | Entered an ossuary
  4235 | Ossuary  | Reached XP level 7. HP: 20/41 MP: 5/16
  4463 | Ossuary  | Reached ** piety under Vehumet
  4463 | Ossuary  | Offered knowledge of Throw Flame by Vehumet.
  4467 | Ossuary  | Learned a level 2 spell: Throw Flame
  4524 | Ossuary  | Reached skill level 5 in Spellcasting
  4766 | Ossuary  | Reached skill level 1 in Fire Magic
  5293 | D:4      | Found a burning altar of Makhleb.
  5304 | D:4      | Found a glowing silver altar of Zin.
  5304 | D:4      | Noticed an angel
  5305 | D:4      | Noticed a cacodemon
  5666 | D:5      | Entered Level 5 of the Dungeon
  6032 | D:5      | Noticed Menkaure
  6041 | D:5      | Gained mutation: Your spells are a little harder to cast, but a little more powerful. [potion of mutation]
  6041 | D:5      | Gained mutation: You are weak. (Str -2) [potion of mutation]
  6041 | D:5      | Gained mutation: You are partially covered in iridescent scales. (AC +2) [potion of mutation]
  6044 | D:5      | Killed Menkaure
  6044 | D:5      | Reached skill level 5 in Dodging
  6208 | D:5      | Learned a level 5 spell: Lightning Bolt
  6235 | D:5      | Noticed Blork the orc
  6238 | D:5      | Reached XP level 8. HP: 46/46 MP: 14/18
  6241 | D:5      | Killed Blork the orc
  6365 | D:5      | Reached skill level 6 in Spellcasting
  6365 | D:5      | Reached skill level 5 in Air Magic
  7187 | D:6      | Reached skill level 1 in Shields
  7192 | D:6      | Found a bloodstained altar of Trog.
  7200 | D:6      | Found a hide-covered altar of Uskayaw.
  7522 | D:6      | Found a glowing golden altar of the Shining One.
  7539 | D:6      | Noticed Robby's ghost (novice HOFi)
  7662 | D:7      | Offered knowledge of Conjure Flame by Vehumet.
  7864 | D:7      | Reached skill level 5 in Conjurations
  7874 | D:7      | Reached XP level 9. HP: 42/52 MP: 12/21
  8032 | D:7      | Found a staircase to the Ecumenical Temple.
  8526 | D:7      | Reached *** piety under Vehumet
  8590 | D:7      | Learned a level 3 spell: Conjure Flame
  8594 | D:8      | Noticed Psyche
  8609 | D:8      | Killed Psyche
  8609 | D:8      | Reached skill level 7 in Spellcasting
  8963 | D:8      | Noticed Prince Ribbit
  9046 | D:8      | Offered knowledge of Ignite Poison by Vehumet.
  9667 | D:8      | Found an ancient bone altar of Kikubaaqudgha.
  9788 | D:9      | Reached skill level 5 in Fighting
  9826 | D:9      | Found Gasahuk's Assorted Antiques.
  9833 | D:9      | Bought a sedimented green potion for 16 gold pieces
  9833 | D:9      | Bought a metal-bound book for 270 gold pieces
  9833 | D:9      | Bought a transparent robe for 102 gold pieces
  9833 | D:9      | Bought a scroll of identify for 36 gold pieces
  9833 | D:9      | Bought a silvery potion for 16 gold pieces
  9844 | D:9      | Identified the +0 robe of Hide-and-Seek {rN+ Regen+ MP-9 Dex+2} (You bought it in a shop on level 9 of the Dungeon)
  9918 | D:9      | Reached **** piety under Vehumet
  9918 | D:9      | Reached skill level 8 in Spellcasting
  9918 | D:9      | Reached XP level 10. HP: 59/59 MP: 20/24
 10015 | D:9      | Offered knowledge of Lee's Rapid Deconstruction by Vehumet.
 10019 | D:9      | Learned a level 2 spell: Blink
 10022 | D:9      | Learned a level 2 spell: Shroud of Golubria
 10156 | D:9      | Reached skill level 1 in Translocations
 10271 | D:10     | Entered Level 10 of the Dungeon
 10707 | D:10     | Noticed a two-headed ogre
 10713 | D:10     | Noticed a cyan ugly thing
 10719 | D:10     | Killed a cyan ugly thing
 10719 | D:10     | Reached skill level 9 in Spellcasting
 10748 | D:10     | Killed a two-headed ogre
 11151 | D:10     | Reached ***** piety under Vehumet
 11151 | D:10     | Reached XP level 11. HP: 62/64 MP: 16/26
 11160 | D:10     | Offered knowledge of Fulminant Prism by Vehumet.
 11420 | D:10     | Lost mutation: You are weak. (Str -2) [potion of mutation]
 11420 | D:10     | Lost mutation: You are partially covered in iridescent scales. (AC +2) [potion of mutation]
 11420 | D:10     | Lost mutation: Your spells are a little harder to cast, but a little more powerful. [potion of mutation]
 11420 | D:10     | Gained mutation: You are agile. (Dex +2) [potion of mutation]
 11420 | D:10     | Gained mutation: Scrolls take you a little longer to read. [potion of mutation]
 11420 | D:10     | Gained mutation: Armour fits poorly on your strangely shaped body. [potion of mutation]
 11420 | D:10     | Gained mutation: Your mind is acute. (Int +2) [potion of mutation]
 11580 | D:11     | Reached skill level 10 in Spellcasting
 11727 | D:11     | Found a staircase to the Orcish Mines.
 11972 | D:11     | Found a staircase to the Lair.
 12188 | D:11     | Noticed MatthieuS's ghost (journeyman TeAE)
 12252 | D:11     | Offered knowledge of Poison Arrow by Vehumet.
 12314 | D:11     | Killed MatthieuS's ghost
 12330 | D:11     | Found Fydelir's General Store.
 12340 | D:11     | Bought a scroll of identify for 28 gold pieces
 12340 | D:11     | Bought a scroll of teleportation for 42 gold pieces
 12663 | D:11     | Reached skill level 10 in Dodging
 12960 | Lair:1   | Entered Level 1 of the Lair of Beasts
 13013 | Lair:1   | Noticed a six-headed hydra
 13019 | Lair:1   | Killed a six-headed hydra
 13019 | Lair:1   | Reached skill level 11 in Spellcasting
 13019 | Lair:1   | Reached XP level 12. HP: 37/72 MP: 29/29
 13403 | Lair:1   | Learned a level 6 spell: Poison Arrow
 13454 | Lair:1   | Noticed an eight-headed hydra
 13462 | Lair:1   | Killed an eight-headed hydra
 13462 | Lair:1   | Reached skill level 1 in Poison Magic
 13677 | Lair:1   | Noticed an eight-headed hydra
 13689 | Lair:1   | HP: 3/72 [eight-headed hydra (10)]
 13689 | Lair:1   | Mangled by an eight-headed hydra

Vault maps used:
D:1:      saegor_arrival_simple_d
D:2:      kennysheep_six_static_rooms, lemuel_crystal_altar,
          nicolae_overflow_crystal_walls, old_standard_altar,
          gammafunk_temple_overflow_pools, vehumet_crystals, first_ration
D:3:      chequers_ecumenical_altar_simple_redux, serial_bayou,
          serial_bayou_ford_a, serial_bayou_lake_a, serial_bayou_shore_a,
          serial_bayou_pond_d, fedhas_altar_1, uniq_sigmund, uniq_robin
D:4:      grunt_temple_overflow_order_and_chaos_2, enter_ossuary_2
D:5:      uniq_menkaure, uniq_blork_the_orc
D:6:      marbit_many_paths, kennysheep_mini_moat, lemuel_crystal_altar,
          eat_drink_and_be_merry_uskayaw
D:7:      temple_green
D:8:      lemuel_zombie_altar_kikubaaqudgha, hangedman_decor_clover_reticule,
          uniq_prince_ribbit1, uniq_psyche
D:9:      serial_shops, nicolae_shop_window_shopping
D:11:     lair_entry_dummy, kennysheep_orc_monster_closet_entryway,
          serial_shops, nicolae_shop_behind_doors
Lair:1:   grunt_megastairs_5, lemuel_fruit_fields
Ossuary:  minmay_ossuary_gauntlet

Skill      XL: |  1  2  3  4  5  6  7  8  9 10 11 12 |
---------------+-------------------------------------+-----
Fighting       | 1 2 3 4 5 6 7 |  7.3
Dodging        | 3 4 5 6 7 8 10 | 10.3
Stealth        | 3 |  3.8
Conjurations   | 2 3 4 5 6 7 9 |  9.2
Spellcasting   | 4 5 6 8 9 11 | 11.2
Air Magic      | 4 5 6 7 8 9 |  9.0
Fire Magic     | 2 |  2.6
Shields        | 2 4 |  4.0
Translocations | 3 |  3.0
Poison Magic   | 1 |  1.4

Action                   |  1- 3 |  4- 6 |  7- 9 | 10-12 || total
-------------------------+-------+-------+-------+-------++-------
Melee: Whip              |       |     6 |    31 |     1 ||    38
 Fire: Hunting sling     |    36 |    87 |   208 |    69 ||   400
       Fustibalus        |       |       |    12 |       ||    12
 Cast: Shock             |    61 |    95 |   251 |   379 ||   786
       Static Discharge  |     2 |    15 |    30 |    46 ||    93
       Throw Flame       |       |       |    15 |    56 ||    71
       Swiftness         |       |       |     1 |     2 ||     3
       Conjure Flame     |       |       |     8 |    56 ||    64
       Airstrike         |       |       |     3 |    26 ||    29
       Blink             |       |       |       |     2 ||     2
       Shroud of Golubri |       |       |       |     1 ||     1
Evoke: Wand              |       |       |       |     1 ||     1
  Use: Potion            |     1 |     1 |    10 |     1 ||    13
       Scroll            |       |    10 |    10 |     2 ||    22
 Stab: Distracted        |       |     1 |       |       ||     1
  Eat: Chunk             |     1 |    10 |    16 |    11 ||    38
       Ration            |       |       |     1 |       ||     1
Armor: Robe              |     2 |     6 |     7 |       ||    15
       Ring mail         |       |     9 |    79 |       ||    88
       Leather armour    |       |       |    28 |    28 ||    56
Dodge: Dodged            |    20 |    48 |   179 |    97 ||   344
Block: Buckler           |       |       |    24 |    36 ||    60

Table legend:
 A = Spawn XP
 B = Non-spawn XP
 C = Spawn XP percentage of total XP
 D = Spawn monster count
 E = Non-spawn monster count
 F = Spawn count percentage of total count
 G = Total turns spent on level
                    A         B        C        D         E        F      G
               +---------+---------+-------+---------+---------+-------+---------
         Total |       0 |   24266 |   0.0 |       0 |     362 |   0.0 | 13689
               +---------+---------+-------+---------+---------+-------+---------
           D:1 |       0 |      40 |   0.0 |       0 |      22 |   0.0 |   788
           D:2 |       0 |     150 |   0.0 |       0 |      26 |   0.0 |   976
           D:3 |       0 |     480 |   0.0 |       0 |      48 |   0.0 |  2077
           D:4 |       0 |      47 |   0.0 |       0 |       5 |   0.0 |   762
           D:5 |       0 |     800 |   0.0 |       0 |      17 |   0.0 |  1248
           D:6 |       0 |     467 |   0.0 |       0 |      15 |   0.0 |   686
           D:7 |       0 |     775 |   0.0 |       0 |      22 |   0.0 |   991
           D:8 |       0 |    1539 |   0.0 |       0 |      28 |   0.0 |  1096
           D:9 |       0 |    1869 |   0.0 |       0 |      29 |   0.0 |   584
          D:10 |       0 |    5298 |   0.0 |       0 |      40 |   0.0 |  1179
          D:11 |       0 |    8665 |   0.0 |       0 |      80 |   0.0 |  1510
        Lair:1 |       0 |    3751 |   0.0 |       0 |      14 |   0.0 |   729
       Ossuary |       0 |     385 |   0.0 |       0 |      16 |   0.0 |  1063
               +---------+---------+-------+---------+---------+-------+---------
